 Dungeon Crawl Stone Soup version 0.30-a0-142-g7370640ec8 (webtiles) character file.

Game seed: 10533680772803238447

25 Decritt the Ducker (level 3, 28/28 HPs)
             Began as a Djinni Fire Elementalist on Sept 26, 2022.
             Quit the game on level 2 of the Dungeon.
             The game lasted 00:04:05 (1794 turns).

Decritt the Ducker (Djinni Fire Elementalist)       Turns: 1794, Time: 00:04:05

Health: 28/28      AC:  6    Str:  7    XL:     3   Next: 20%
Gold:   68         EV: 12    Int: 18    God:
                   SH:  0    Dex: 13

rFire   + + .      SeeInvis .    b - +0 sling
rCold   x . .      Faith    .    (no shield)
rNeg    . . .      Spirit   .    a - +0 robe
rPois   ∞          Reflect  .    (no helmet)
rElec   .          Harm     .    (no cloak)
rCorr   .          Rampage  .    (no gloves)
Will    .....                    (boots unavailable)
Stlth   ++........               (no amulet)
HPRegen 0.09/turn                f - +4 ring of protection
MPRegen 0.00/turn                (no ring)

@: flying
A: sickness immunity, fire resistance 2, cold vulnerability 1, float, innate
caster, HP casting, extra vitality 1
a: no special abilities


You were on level 2 of the Dungeon.
You visited 1 branch of the dungeon, and saw 2 of its levels.

You collected 68 gold pieces.

Inventory:

Hand Weapons
 b - a +0 sling (weapon)
Armour
 a - a +0 robe (worn)
Jewellery
 f - a +4 ring of protection (left hand)
Scrolls
 d - a scroll of poison {unknown}
 e - a scroll of teleportation {unknown}
 g - a scroll of identify {unknown}
Potions
 c - a potion of heal wounds {unknown}
 h - a potion of might {unknown}


   Skills:
 * Level 2.0 Fighting
 + Level 2.7 Dodging
 - Level 1.5 Stealth
 - Level 2.5 Spellcasting


You couldn't memorise any spells.
You knew the following spells:

 Your Spells              Type           Power      Damage    Failure   Level
a - Foxfire               Conj/Fire      44%        2x1d6     6%          1
b - Scorch                Fire           22%        2d6       10%         2
c - Kindle Blastsparks    Fire/Tloc/Air  22%        2d11      19%         3
d - Inner Flame           Hex/Fire       11%        N/A       19%         3
e - Flame Wave            Conj/Fire      11%        2d6       52%         4
f - Necrotise             Necr           44%        1d6       6%          1
Your spell library was empty.

Dungeon Overview and Level Annotations

Branches:
Dungeon (2/15)

Altars:


Innate Abilities, Weirdness & Mutations

You are immune to sickness and miasma.
You are immune to poison.
Your flesh is very heat resistant. (rF++)
You are vulnerable to cold. (rC-)
You float through the air rather than walking.
You learn spells naturally, not from books.
Your magical power is your life essence.
You have superior vitality. (+4 MHP)


Message History

The frilled lizard hisses angrily.
The sling bullet hits the rat.
You kill the rat!
You shoot a sling bullet.
The sling bullet closely misses the frilled lizard.
You shoot a sling bullet.
The sling bullet closely misses the frilled lizard.
The frilled lizard hisses.
You shoot a sling bullet.
The sling bullet barely misses the frilled lizard.
You shoot a sling bullet.
The sling bullet closely misses the frilled lizard.
The frilled lizard barely misses you.
The frilled lizard attacks as you move away!
The frilled lizard completely misses you.
You shoot a sling bullet.
The sling bullet misses the frilled lizard.
The frilled lizard bites you but does no damage.
The frilled lizard attacks as you move away!
The frilled lizard closely misses you.
You shoot a sling bullet.
The sling bullet closely misses the frilled lizard.
The frilled lizard barely misses you. The frilled lizard bites you.
You shoot a sling bullet.
The sling bullet closely misses the frilled lizard.
The frilled lizard barely misses you.
You shoot a sling bullet.
The sling bullet hits the frilled lizard.
You kill the frilled lizard!
No target in view!
h - a coppery potion You see here a +0 mace.
A frilled lizard comes into view.
Found an escape hatch in the floor.
You see here 16 gold pieces.
You shoot a sling bullet.
The sling bullet hits the frilled lizard.
You kill the frilled lizard!
Your Fighting skill increases to level 2!
Are you sure you want to abandon this character and quit the game? (Confirm with "yes".)

..##.......8...#.....#.
###..........#......#
.####........#.......
.. #..):...#.#......
#.##......#.#.#.....
..#.†...#.#.#.#....
#.#....#.##.##.#...
#.#...#.###^###.#..
#.@..#.## #.# ##.#.
##$.#.## #.# ##.#
#.#.## ##.######.
...######....#....
##..> ...#.#.###...
##..# #.#.#.###... #.#
#......##...
###.####<.#..##...
#...)....##......#


There were no monsters in sight!

Vanquished Creatures
  A giant cockroach (D:2)
  4 goblins
  5 hobgoblins (D:1)
  2 jackals (D:1)
  A kobold (D:1)
  A quokka (D:1)
  A ball python (D:1)
  2 bats
  2 frilled lizards (D:2)
  3 rats
22 creatures vanquished.

Vanquished Creatures (others)
  10 foxfires (D:1)
10 creatures vanquished.

Grand Total: 32 creatures vanquished

Notes
Turn   | Place    | Note
-------+----------+-------------------------------------------
     0 | D:1      | Decritt the Djinni Fire Elementalist began the quest for
                  | the Orb.
     0 | D:1      | Decritt set off with the following spells memorised:
                  | Foxfire, Scorch, Kindle Blastsparks, Inner Flame, Flame
                  | Wave.
     0 | D:1      | Reached XP level 1. HP: 15/15 MP: 0/0
   551 | D:1      | Reached XP level 2. HP: 22/22 MP: 0/0
   558 | D:1      | Reached skill level 1 in Fighting
  1527 | D:1      | Found a faded altar of an unknown god.
  1675 | D:2      | Reached XP level 3. HP: 28/28 MP: 0/0
  1675 | D:2      | Learned a level 1 spell: Necrotise
  1794 | D:2      | Quit the game

Illustrated notes

Levels and vault maps discovered:
D:1:      psy_arrival_fountain, layout_loops_cross,
          nicolae_ecumenical_lake_church
D:2:      wad_pebble_path, layout_rooms, minmay_misc_feat_more_columns,
          minmay_worlds_worst_comb, uniq_terence

Skill      XL: |  1  2  3 |
---------------+----------+-----
Fighting       | 1 2 |  2.0
Dodging        | |  2.7
Stealth        | |  1.5
Spellcasting   | |  2.5

Action                   || total
-------------------------++-------
 Fire: Sling             ||    45
 Cast: Foxfire           ||     6
       Necrotise         ||     1
Armor: Robe              ||    15
Dodge: Dodged            ||    29

Table legend: (Time is in decaauts)
 A = Elapsed time spent in this place.
 B = Non-inter-level travel time spent in this place.
 C = Inter-level travel time spent in this place.
 D = Time resting spent in this place.
 E = Time spent auto-exploring this place.
 F = Levels seen in this place.
 G = Mean time per level.
                   A        B        C        D        E       F      G
               +--------+--------+--------+--------+--------+-----+--------+
         Total |   1810 |   1782 |     28 |    858 |    740 |   2 |  905.0 |
       Dungeon |   1810 |   1782 |     28 |    858 |    740 |   2 |  905.0 |
               +--------+--------+--------+--------+--------+-----+--------+

Top non-repeatable levels by time:
     D:1: 1684 daAuts
     D:2: 126 daAuts
